 Dungeon Crawl Stone Soup version 0.25-b1-23-ge2ad7d536c (webtiles) character file.

Game seed: 6392436840604255385, levelgen mode: deterministic

243 grindst0ne the Sneak (level 5, 0/38 HPs)
             Began as a Vampire Enchanter on June 3, 2020.
             Slain by a mummy (9 damage)
             ... in an ossuary.
             The game lasted 00:10:39 (2903 turns).

grindst0ne the Sneak (Vampire Enchanter)            Turns: 2903, Time: 00:10:39

Health: 0/38       AC:  6    Str:  4 (7)  XL:     5   Next: 82%
Magic:  4/8        EV: 13    Int: 16 (18) God:
Gold:   99         SH:  0    Dex: 12 (15) Spells: 2/8 levels left

rFire    . . .     SeeInvis +   a - +1 dagger
rCold    . . .     Gourm    .   (no shield)
rNeg     + . .     Faith    .   j - +2 robe {rN+}
rPois    .         Spirit   .   (no helmet)
rElec    .         Reflect  .   p - +0 cloak
rCorr    .         Harm     .   (no gloves)
MR       .....                  t - +0 pair of boots
Stlth    +++.......             r - amulet of inaccuracy (curse)
HPRegen  0.32/turn              (no ring)
MPRegen  0.11/turn              (no ring)

@: regenerating quickly
A: no food, fangs 3, see invisible, unbreathing
a: Exsanguinate


You were in an ossuary.
You were alive.

You visited 1 branch of the dungeon, and saw 4 of its levels.
You also visited: Ossuary.

You collected 99 gold pieces.

Inventory:

Hand Weapons
 a - a +1 dagger (weapon)
 o - a +4 quarterstaff of chaos
Missiles
 u - 3 atropa-tipped darts (quivered)
Armour
 b - a +0 robe
 i - a +0 buckler
 j - a +2 robe of positive energy (worn)
 p - a +0 cloak (worn)
 t - a +0 pair of boots (worn)
Jewellery
 r - a cursed amulet of inaccuracy (around neck)
Wands
 n - a wand of flame (19)
Scrolls
 c - 2 scrolls of enchant weapon
 k - 2 scrolls of teleportation
 m - a scroll of fog
Potions
 d - a potion of resistance {unknown}
 e - a potion of haste
 f - a potion of degeneration
 g - a potion of lignification
 h - a potion of curing
 l - 2 potions of flight {unknown}
 q - a potion of ambrosia
 v - a potion of might {unknown}


   Skills:
 + Level 1.8 Fighting
 - Level 1.1 Short Blades
 + Level 3.4 Dodging
 + Level 6.9 Stealth
 - Level 2.4 Spellcasting
 + Level 6.0 Hexes
 - Level 0.2 Ice Magic


You had 2 spell levels left.
You knew the following spells:

 Your Spells              Type           Power        Failure   Level  Hunger
a - Corona                Hex            ###....      1%          1    N/A
b - Confusing Touch       Hex            ###.....     4%          3    N/A
c - Ensorcelled Hibernat  Hex/Ice        ##....       9%          2    N/A

Your spell library contained the following spells:

 Spells                   Type           Power        Failure   Level  Hunger
 Tukima's Dance           Hex            ###.....     4%          3    N/A
 Dazzling Flash           Conj/Hex       ##....       17%         3    N/A

Dungeon Overview and Level Annotations

Branches:
Dungeon (4/15)            Ossuary (1/1)
 Temple: D:4-7

Altars:
Wu Jian

Annotations:
D:1 exclusion: 2 downstairs


Innate Abilities, Weirdness & Mutations

You do not eat.
Your natural rate of healing is unusually fast.
You have razor-sharp teeth.
You have supernaturally acute eyesight. (SInv)
You can survive without breathing.


Message History

Your Hexes skill increases to level 6!
Casting: Confusing Touch (dangerous; 4% risk of failure)
Confirm with . or Enter, or press ? or * to list all spells.
Your hands begin to glow red.
The mummy hits you.
You hit the mummy but do no damage.
The mummy is severely damaged.
You hit the mummy but do no damage.
The mummy is severely damaged.
The mummy closely misses you.
You hit the mummy but do no damage.
The mummy is severely damaged.
The mummy hits you!
* * * LOW HITPOINT WARNING * * *
You hit the mummy but do no damage.
The mummy appears confused.
You bite the mummy.
The mummy is almost destroyed.
You barely miss the mummy.
The mummy is almost destroyed.
The mummy hits you!
You die...

................#
...............##
..............##
##........##+#
##......##
##....## #....#
#..M.# #...@#
#....# #....#
#....# #....#
#.∩∩.# ######


You could see a mummy (confused).

Vanquished Creatures
  Crazy Yiuf (D:2)
  A worker ant (D:3)
  A big kobold zombie (Ossuary)
  5 mummies (Ossuary)
  4 gnolls (D:2)
  An ooze (D:1)
  3 worms (D:2)
  2 dart slugs (D:1)
  A leopard gecko (D:3)
  A ball python (D:3)
  2 giant cockroaches
  4 goblins
  10 hobgoblins
  3 quokkas
  9 bats
  4 frilled lizards
  2 hobgoblin zombies (Ossuary)
  5 kobolds
  2 kobold zombies (Ossuary)
  3 orc zombies (Ossuary)
  4 rats (D:2)
68 creatures vanquished.

Notes
Turn   | Place    | Note
-------+----------+-------------------------------------------
     0 | D:1      | grindst0ne the Vampire Enchanter began the quest for the
                  | Orb.
     0 | D:1      | Reached XP level 1. HP: 13/13 MP: 3/3
   168 | D:1      | Reached XP level 2. HP: 18/19 MP: 5/5
   316 | D:1      | Reached skill level 5 in Stealth
   564 | D:2      | Reached XP level 3. HP: 11/24 MP: 4/6
   569 | D:2      | Learned a level 3 spell: Confusing Touch
   572 | D:2      | Learned a level 2 spell: Ensorcelled Hibernation
   646 | D:2      | Found an ornate altar of the Wu Jian Council.
   737 | D:2      | Reached skill level 5 in Hexes
   937 | D:2      | Found a runed translucent door.
   938 | D:2      | Noticed Crazy Yiuf
   945 | D:2      | Killed Crazy Yiuf
   945 | D:2      | Reached XP level 4. HP: 31/31 MP: 7/7
  1222 | D:2      | Reached skill level 1 in Fighting
  1633 | D:3      | Reached XP level 5. HP: 37/37 MP: 5/8
  2558 | D:4      | Found a sand-covered staircase.
  2567 | Ossuary  | Entered an ossuary
  2903 | Ossuary  | Slain by a mummy

Illustrated notes

Levels and vault maps discovered:
D:1:      dpeg_arrival_simpleton_c, layout_rooms
D:2:      layout_basic, nicolae_overflow_hidden_temple, uniq_crazy_yiuf_cottage
D:3:      layout_basic, first_ration
D:4:      minmay_evil_eye, layout_rooms, kennysheep_mini,
          nicolae_ossuary_entry_ruins
Ossuary:  ossuary_tomb_3

Skill      XL: |  1  2  3  4  5 |
---------------+----------------+-----
Stealth        | 5 6 |  6.9
Hexes          | 5 6 |  6.0
Fighting       | 1 |  1.8
Dodging        | 3 |  3.4
Short Blades   | |  1.1
Spellcasting   | |  2.4
Ice Magic      | |  0.2

Action                   |  1- 3 |  4- 6 || total
-------------------------+-------+-------++-------
Melee: Dagger            |    85 |   236 ||   321
       Bite              |     7 |    20 ||    27
 Cast: Corona            |     1 |       ||     1
       Ensorcelled Hiber |     5 |     9 ||    14
       Confusing Touch   |       |    11 ||    11
Evoke: Wand              |       |     3 ||     3
  Use: Scroll            |       |     5 ||     5
       Potion            |       |     4 ||     4
 Stab: Sleeping          |    13 |    12 ||    25
       Confused          |       |    10 ||    10
Armor: Robe              |    12 |    55 ||    67
       Skin              |       |    17 ||    17
Dodge: Dodged            |    50 |   163 ||   213
